 Dungeon Crawl Stone Soup version 0.22-a0-271-gc000056 (webtiles) character file.

161 mortelune the Chiller (level 5, -2/35 HPs)
             Began as a Demonspawn Ice Elementalist on Mar 10, 2018.
             Slain by an ancient zyme (13 damage)
             ... on level 2 of the Abyss.
             The game lasted 00:09:15 (4266 turns).

mortelune the Chiller (Demonspawn Ice Elementalist) Turns: 4266, Time: 00:09:16

Health: -2/35      AC:  4    Str:  9    XL:     5   Next: 19%
Magic:  10/10      EV: 12    Int: 17    God:
Gold:   266        SH:  0    Dex: 13    Spells: 5/11 levels left

rFire    + . .     SeeInvis .   v - +5 long sword of Ufolyed {venom, rF+}
rCold    . . .     Gourm    .   (no shield)
rNeg     . . .     Faith    .   a - +0 robe
rPois    .         Spirit   .   (helmet restricted)
rElec    .         Reflect  .   (no cloak)
rCorr    .         Harm     .   (no gloves)
MR       .....                  (no boots)
Stlth    ++........             (no amulet)
HPRegen  0.00/turn              (no ring)
MPRegen  0.12/turn              (no ring)

@: non-regenerating, mildly diseased
A: horns 1, icy blue scales 1
a: no special abilities


You were on level 2 of the Abyss.
You were hungry.

You visited 1 branch of the dungeon, and saw 4 of its levels.
You visited the Abyss 1 time.

You collected 266 gold pieces.

Inventory:

Hand Weapons
 g - a +0 dagger
 q - a +0 long sword
 t - a +0 blowgun
 v - the +5 long sword of Ufolyed (weapon) {venom, rF+}
   (You found it on level 2 of the Abyss)

   It poisons the flesh of those it strikes.
   It protects you from fire.
 A - a +2 whip of distortion
Missiles
 b - 6 tomahawks of returning (quivered)
 u - 15 poisoned needles
Armour
 a - a +0 robe (worn)
Jewellery
 i - an uncursed ring of ice {unknown}
Wands
 B - a wand of random effects (15)
Scrolls
 d - a scroll of magic mapping
 e - a scroll of random uselessness {unknown}
 h - a scroll of identify
 n - 2 scrolls of amnesia {unknown}
 o - a scroll of blinking {unknown}
 p - a scroll of remove curse {unknown}
 r - a scroll of fear
 w - 2 scrolls of teleportation {unknown}
 x - a scroll of enchant weapon {unknown}
 y - a scroll of immolation {unknown}
Potions
 f - a potion of might {unknown}
 j - 3 potions of heal wounds
 k - a potion of brilliance {unknown}
 l - 4 potions of curing
 m - 3 potions of degeneration
 s - a potion of berserk rage {unknown}
 z - a potion of flight {unknown}
Comestibles
 c - 3 rations


   Skills:
 - Level 1.7 Dodging
 - Level 1.7 Stealth
 + Level 3.8 Spellcasting
 - Level 1.0 Conjurations
 + Level 4.2 Ice Magic


You had 5 spell levels left.
You knew the following spells:

 Your Spells              Type           Power        Failure   Level  Hunger
a - Freeze                Ice            ###.         2%          1    None
b - Throw Frost           Conj/Ice       ##....       9%          2    ##.....
c - Ozocubu's Armour      Chrm/Ice       ##......     21%         3    ###....


Dungeon Overview and Level Annotations

Branches:
Dungeon (4/15)
 Temple: D:4-7

Altars:
Dithmenos

Annotations:
D:3 CasualChangeling's ghost, amateur GnWn
D:4 Ijyb


Innate Abilities, Weirdness & Mutations

You have a pair of small horns on your head.
You are partially covered in icy blue scales. (AC +2)


Message History

Found 17 bolts.
You are suddenly pulled into a different region of the Abyss!
Found a short lead wand.
B - a wand of random effects (15)
A thrashing horror comes into view.
An ancient zyme comes into view.
The ancient zyme moves out of view.
You feel yourself growing ill in the presence of the ancient zyme.
The ancient zyme hits you but does no damage.
The ancient zyme hits you. The ancient zyme hits you! x2
* * * LOW HITPOINT WARNING * * *
You feel ill.
As you read the scroll labeled LIOMAFUQEF, it crumbles to dust.
You assume a fearsome visage.
The ancient zyme is unaffected.
It was a scroll of fear.
The ancient zyme completely misses you.
You riposte.
You slash the ancient zyme!
The ancient zyme is lightly damaged.
The ancient zyme hits you!
You die...

###.# # #...
##..#### #....
##. ### ..##
#.###.# ..X
#.#...### .
#.#.....#
###§#.##....
#.#####x.# #
#.....@#.#
#.##.§....§...
#...#...###.
..#.. .....#
#.. ..#
#..#..# .. ..#
.#..#.. . ##.
..#..#. #.
#..#.


You could see an ancient zyme.

Vanquished Creatures
  A hound (D:4)
  An orc priest (D:4)
  4 adders
  2 oozes
  3 worms
  A leopard gecko (D:3)
  2 orcs
  A giant cockroach (D:2)
  2 goblins (D:1)
  4 hobgoblins (D:3)
  8 jackals
  7 kobolds
  7 bats
  A frilled lizard (D:1)
  4 rats
48 creatures vanquished.

Notes
Turn   | Place    | Note
-------+----------+-------------------------------------------
     0 | D:1      | mortelune the Demonspawn Ice Elementalist began the quest for the Orb.
     0 | D:1      | Reached XP level 1. HP: 13/13 MP: 3/3
   696 | D:1      | Reached skill level 3 in Ice Magic
   696 | D:1      | Gained mutation: You are partially covered in icy blue scales. (AC +2) [demonic ancestry]
   696 | D:1      | Reached XP level 2. HP: 19/19 MP: 3/5
   852 | D:1      | Learned a level 2 spell: Throw Frost
  1566 | D:2      | Gained mutation: You have a pair of small horns on your head. [demonic ancestry]
  1566 | D:2      | Reached XP level 3. HP: 22/24 MP: 0/7
  2003 | D:2      | Learned a level 3 spell: Ozocubu's Armour
  2447 | D:3      | Found a shadowy altar of Dithmenos.
  3011 | D:3      | Reached XP level 4. HP: 30/30 MP: 6/8
  3614 | D:3      | Noticed CasualChangeling's ghost (amateur GnWn)
  3838 | D:4      | Noticed Ijyb
  3879 | D:4      | Reached skill level 4 in Ice Magic
  3883 | D:4      | Reached XP level 5. HP: 8/35 MP: 0/10
  4126 | D:3      | Cast into level 2 of the Abyss (a distortion unwield)
  4155 | Abyss:2  | Got a pitted long sword
  4156 | Abyss:2  | Identified the +5 long sword of Ufolyed {venom, rF+} (You found it on level 2 of the Abyss)
  4170 | Abyss:2  | Noticed a small abomination
  4252 | Abyss:2  | Noticed a thrashing horror
  4259 | Abyss:2  | Noticed an ancient zyme
  4266 | Abyss:2  | Slain by an ancient zyme

Vault maps used:
D:1:      dpeg_arrival_simpleton_c
D:2:      chequers_big_river
D:3:      grunt_dithmenos_smoke
D:4:      kennysheep_mini, tso_oasis_becter, first_ration,
          kennysheep_cross_room, minmay_crystal_room, grunt_qazlal_sundering,
          uniq_ijyb
Abyss:2:  evilmike_abyss_exit_glass, minivault_27

Skill      XL: |  1  2  3  4 |
---------------+-------------+-----
Ice Magic      | 3 4 |  4.2
Spellcasting   | 3 |  3.8
Dodging        | |  1.7
Stealth        | |  1.7
Conjurations   | |  1.0

Action                   |  1- 3 |  4- 6 || total
-------------------------+-------+-------++-------
Melee: Dagger            |    14 |       ||    14
       Headbutt          |     2 |       ||     2
       Long sword        |     1 |     2 ||     3
       Whip              |       |     2 ||     2
 Fire: Blowgun           |     1 |     2 ||     3
Throw: Tomahawk          |       |     1 ||     1
 Cast: Freeze            |    44 |    22 ||    66
       Throw Frost       |    19 |     8 ||    27
  Use: Scroll            |     4 |     1 ||     5
  Eat: Chunk             |     8 |     3 ||    11
Armor: Robe              |     7 |     8 ||    15
Dodge: Dodged            |    26 |    12 ||    38
       Rpst.: Long sword |     1 |     2 ||     3

Table legend:
 A = Spawn XP
 B = Non-spawn XP
 C = Spawn XP percentage of total XP
 D = Spawn monster count
 E = Non-spawn monster count
 F = Spawn count percentage of total count
 G = Total turns spent on level
                    A         B        C        D         E        F      G
               +---------+---------+-------+---------+---------+-------+---------
         Total |       0 |     231 |   0.0 |       0 |      48 |   0.0 |  4266
               +---------+---------+-------+---------+---------+-------+---------
           D:1 |       0 |      18 |   0.0 |       0 |       9 |   0.0 |  1349
           D:2 |       0 |      49 |   0.0 |       0 |      14 |   0.0 |  1074
           D:3 |       0 |      63 |   0.0 |       0 |      21 |   0.0 |  1454
           D:4 |       0 |     101 |   0.0 |       0 |       4 |   0.0 |   249
               +---------+---------+-------+---------+---------+-------+---------
